 Dungeon Crawl Stone Soup version 0.16.2-12-gd0ad4c3 (webtiles) character file.

909 MordorOrchid the Digger (level 8, -1/51 HPs)
             Began as an Octopode Earth Elementalist on Sept 17, 2019.
             Shot with a stone by a goblin (4 damage)
             ... on level 5 of the Dungeon on Dec 7, 2019.
             The game lasted 00:27:17 (5176 turns).

MordorOrchid the Digger (OpEE)                      Turns: 5176, Time: 00:27:17

Health: -1/51      AC:  1    Str:  8    XL:     8   Next: 8%
Magic:  4/18       EV: 12    Int: 19    God:
Gold:   252        SH:  0    Dex: 12    Spells: 5 memorised, 3 levels left

rFire  . . .     SeeInvis .     y - +3 dagger
rCold  . . .     Clarity  .     (no shield)
rNeg   . . .     SustAb   +     (helmet restricted)
rPois  .         Gourm    .     (no amulet)
rElec  .         Spirit   .     z - ring of sustain abilities
rCorr  .         Warding  .     (no ring)
rMut   .         Stasis   .     (no ring)
MR     .....                    (no ring)
Stlth  +++++.....               (no ring)
                                (no ring)
                                (no ring)
                                (no ring)

@: not resistant to hostile enchantments, quite stealthy
A: almost no armour, amphibious, 8 rings, constrict 8, camouflage 1, gelatinous
body 1
a: no special abilities


You were on level 5 of the Dungeon.
You were not hungry.

You visited 1 branch of the dungeon, and saw 5 of its levels.

You collected 252 gold pieces.

Inventory:

Hand weapons
 j - a +0 hunting sling
 y - a +3 dagger (weapon)
 H - a +1 short sword of holy wrath
Missiles
 b - 218 stones (quivered)
 f - 14 bolts of penetration
 l - 103 sling bullets
 t - 19 poisoned needles
 w - 21 bolts
 J - 3 tomahawks
Jewellery
 p - an uncursed amulet of faith
 z - a ring of sustain abilities (left tentacle)
Magical devices
 B - a wand of paralysis (16)
Scrolls
 e - a scroll of amnesia
 h - a scroll of random uselessness {unknown}
 r - 3 scrolls of teleportation {unknown}
 s - 2 scrolls of remove curse
 C - a scroll of magic mapping {unknown}
 D - 2 scrolls of enchant weapon {unknown}
 F - a scroll of immolation
Potions
 c - 3 potions of magic
 k - 3 potions of restore abilities
 m - 4 potions of curing
 o - a potion of heal wounds {unknown}
 q - a potion of brilliance {unknown}
 u - 2 potions of ambrosia
 v - a potion of lignification {unknown}
 x - a potion of haste {unknown}
 E - a potion of flight
Books
 d - a book of Geomancy

   Spells                             Type                      Level
   a - Sandblast                      Earth                        1
   b - Stoneskin                      Transmutation/Earth          2
   c - Passwall                       Transmutation/Earth          3
   d - Stone Arrow                    Conjuration/Earth            3
   e - Petrify                        Transmutation/Earth          4
   f - Lee's Rapid Deconstruction     Earth                        5
Comestibles
 a - 3 bread rations
 g - a royal jelly
 i - 6 fruits
 n - a meat ration
 G - a chunk of flesh
 I - a slice of pizza


   Skills:
 * Level 2.6 Fighting
 * Level 1.0 Short Blades
 * Level 2.2 Dodging
 * Level 4.9 Stealth
 + Level 4.5 Spellcasting
 * Level 2.4 Conjurations
 * Level 3.1 Transmutations
 + Level 5.0 Earth Magic
 * Level 2.0 Evocations


You had 3 spell levels left.
You knew the following spells:

 Your Spells              Type           Power        Failure   Level  Hunger
a - Sandblast             Erth           ###...       1%          1    None
d - Petrify               Trmt/Erth      ###.....     28%         4    ####...
f - Stone Arrow           Conj/Erth      ###...       12%         3    ###....
w - Passwall              Trmt/Erth      ###.......   10%         3    ###....
y - Stoneskin             Trmt/Erth      ###.....     4%          2    #......


Dungeon Overview and Level Annotations

Branches:
Dungeon (5/15)
 Temple: D:4-7

Altars:
Ru
Sif Muna
Trog
Xom


Innate Abilities, Weirdness & Mutations

You cannot wear most types of armour.
You are amphibious.
You can wear up to eight rings at the same time.
You can use your tentacles to constrict many enemies at once.
Your skin changes colour to match your surroundings (Stealth).
Your rubbery body absorbs attacks (AC +1).


Message History

The goblin wields an uncursed hunting sling.
The goblin shoots a stone.
The stone hits you.
* * * LOW HITPOINT WARNING * * *
You hear a splash.
You see here a stone.
The goblin wields an uncursed hunting sling.
The goblin shoots a stone.
The stone hits you.
* * * LOW HITPOINT WARNING * * *
You hear a splash.
You see here a stone.
The goblin shoots a stone.
The stone hits you.
* * * LOW HITPOINT WARNING * * *
You hear a splash.
You see here a stone.
The goblin shoots a stone.
The stone hits you.
* * * LOW HITPOINT WARNING * * *
You hear a splash.
You see here a stone.
The goblin shoots a stone.
The stone hits you.
You die...

g..########...)......#g.....#.
.g..)......)..#########.(..##
...g........).'...... #....#
......g.....).#...... #(...#
########################)'#######
≈≈≈≈≈≈≈≈≈≈≈≈≈≈≈≈≈≈≈≈((g(....≈≈≈≈≈
≈≈≈≈≈≈≈≈≈≈≈≈≈≈≈≈≈≈(≈≈≈.....≈≈≈≈≈≈
≈≈≈≈≈≈≈≈≈≈≈≈≈≈≈≈≈(≈≈≈g≈....≈≈≈≈≈≈
.≈≈.≈≈≈≈.≈≈≈≈.≈.@≈.K≈≈...)..≈≈≈≈≈
.....................g....)......
.................................
####+#.......####'#.....#)..#..#.
..........#.............'.).+..+.
........................##)##+###
...#................#......(...##
....##............##...........#)
....#.#..........#.#.......>...'.


You could see a big kobold, a hobgoblin and 2 goblins.

Vanquished Creatures
  2 sky beasts (D:5)
  A phantom (D:4)
  An ice beast (D:5)
  An ogre (D:5)
  A scorpion (D:4)
  A centaur zombie (D:5)
  2 orc priests (D:4)
  A giant frog skeleton (D:5)
  2 orc wizards (D:4)
  Jessica (D:3)
  A hound zombie (D:5)
  Robin (D:3)
  6 adders
  A giant mite (D:2)
  An adder zombie (D:4)
  2 giant geckos
  An ooze (D:3)
  6 orcs (D:4)
  A bat zombie (D:4)
  7 giant cockroaches
  25 hobgoblins
  3 jackals (D:1)
  6 kobolds
  4 quokkas
  A ball python (D:4)
  13 bats
  A giant newt (D:3)
  33 goblins
  A quokka skeleton (D:4)
  9 rats
136 creatures vanquished.

Notes
Turn   | Place    | Note
--------------------------------------------------------------
     0 | D:1      | MordorOrchid, the Octopode Earth Elementalist, began the quest for the Orb.
     0 | D:1      | Reached XP level 1. HP: 11/11 MP: 3/3
   343 | D:1      | Reached XP level 2. HP: 12/17 MP: 1/4
   355 | D:1      | Learned a level 2 spell: Stoneskin
   655 | D:1      | Reached XP level 3. HP: 4/22 MP: 0/6
   660 | D:1      | Learned a level 3 spell: Stone Arrow
  1753 | D:2      | Reached XP level 4. HP: 27/27 MP: 6/9
  2244 | D:3      | Learned a level 3 spell: Passwall
  2357 | D:3      | Noticed Robin
  2369 | D:3      | Killed Robin
  2369 | D:3      | Reached skill level 1 in Fighting
  2407 | D:3      | Noticed Jessica
  2420 | D:3      | Killed Jessica
  2420 | D:3      | Reached skill level 1 in Conjurations
  2420 | D:3      | Reached XP level 5. HP: 15/33 MP: 0/11
  2981 | D:4      | Reached skill level 4 in Earth Magic
  3072 | D:4      | Reached XP level 6. HP: 34/39 MP: 7/13
  3596 | D:4      | Noticed a phantom
  3617 | D:4      | Killed a phantom
  3617 | D:4      | Reached XP level 7. HP: 41/45 MP: 0/17
  3627 | D:4      | Found a deep blue altar of Sif Muna.
  4046 | D:4      | Found a bloodstained altar of Trog.
  4049 | D:4      | Found a sacrificial altar of Ru.
  4049 | D:4      | Found a shimmering altar of Xom.
  4093 | D:5      | Entered Level 5 of the Dungeon
  4188 | D:5      | Reached skill level 1 in Evocations
  4753 | D:5      | Learned a level 4 spell: Petrify
  4894 | D:5      | Reached skill level 1 in Short Blades
  4894 | D:5      | Reached skill level 5 in Earth Magic
  4894 | D:5      | Reached XP level 8. HP: 51/51 MP: 5/18
  5176 | D:5      | Shot with a stone by a goblin

Action                   |  1- 3 |  4- 6 |  7- 9 || total
-------------------------+-------+-------+-------++-------
Melee: Unarmed           |     2 |       |       ||     2
       Dagger            |    50 |    43 |    24 ||   117
 Cast: Sandblast         |    39 |    93 |    59 ||   191
       Stoneskin         |     1 |       |     1 ||     2
       Stone Arrow       |       |     2 |    18 ||    20
  Use: Scroll            |       |     5 |     5 ||    10
       Potion            |       |     1 |       ||     1
 Stab: Sleeping          |     4 |     4 |     1 ||     9
  Eat: Chunk             |     3 |     4 |     5 ||    12
       Pizza             |       |     1 |       ||     1
       Fruit             |       |       |     1 ||     1
